 Dungeon Crawl Stone Soup version 0.31-a0-844-gdc52ec4e09 (webtiles) character file.

Game seed: 4944850849545556117

15 IndexError the Conjurer (level 2, 0/15 HPs)
             Began as a Gargoyle Conjurer on Sept 30, 2023.
             Slain by a jackal (2 damage)
             ... on level 1 of the Dungeon.
             The game lasted 00:00:45 (434 turns).

IndexError the Conjurer (Gargoyle Conjurer)          Turns: 434, Time: 00:00:46

Health: 0/15       AC:  5    Str: 10    XL:     2   Next: 50%
Magic:  0/5        EV: 11    Int: 18    God:
Gold:   33         SH:  0    Dex:  8    Spells: 2/5 levels left

rFire   . . .        c - +0 dagger
rCold   . . .        (no shield)
rNeg    + + .        d - +1 robe {rN+}
rPois   ∞            (no helmet)
rElec   +            (no cloak)
rCorr   .            (no gloves)
SInv    .            (no boots)
Will    .....        (no amulet)
Stlth   ++           (no ring)
HPRegen 0.22/turn    (no ring)
MPRegen 0.09/turn

%: no passive effects
@: no status effects
A: sickness immunity, AC +2, negative energy resistance 1, electricity
resistance, torment resistance 1, petrification resistance
a: no special abilities


You were on level 1 of the Dungeon.
You visited 1 branch of the dungeon, and saw 1 of its levels.

You collected 33 gold pieces.

Inventory:

Hand Weapons
 c - a +0 dagger (weapon)
   (You took it off a goblin on level 1 of the Dungeon)
Armour
 d - a +1 robe of positive energy (worn)
   (You found it on level 1 of the Dungeon)
Potions
 b - a potion of magic


   Skills:
 - Level 1.5 Dodging
 - Level 2.1 Stealth
 + Level 2.4 Spellcasting
 + Level 4.7 Conjurations


You had 2 spell levels left.
You knew the following spells:

 Your Spells              Type           Power      Damage    Failure   Level
a - Magic Dart            Conj           76%        1d6       2%          1
b - Searing Ray           Conj           38%        2d5       3%          2

Your spell library contained the following spells:

 Spells                   Type           Power      Damage    Failure   Level
 Dazzling Flash           Conj/Hex       20%        N/A       19%         3
 Fulminant Prism          Conj/Hex       5%         3d7       54%         4
 Iskenderun's Mystic Bla  Conj/Tloc      10%        2d4       54%         4


Dungeon Overview and Level Annotations

Branches:
Dungeon (1/15)

Altars:


Innate Abilities, Weirdness & Mutations

You are immune to sickness and miasma.
Your stone body is resilient. (AC +2)
You are immune to poison.
You resist negative energy. (rN+)
You are resistant to electric shocks. (rElec)
You are resistant to unholy torment.
You are immune to petrification.


Message History

You closely miss the jackal. The jackal barely misses you. x2
You hit the jackal.
Health restored: 15 You closely miss the kobold.
The kobold hits you with a +0 dagger.
You take 3 damage, and have 12/15 hp.
The magic dart hits the kobold.
You now have 0/5 mp.
No target in view!
You are out of magic!
HP restored.
Items here: ( ) ††.
Found a stone staircase leading down.
Health restored: 15; MP restored: 5 A rat is nearby!
A rat is nearby!
The magic dart hits the rat.
You now have 4/5 mp.
You can't see any susceptible monsters within range! (Use Z to cast anyway.)
You can't see any susceptible monsters within range! (Use Z to cast anyway.)
You now have 33 gold pieces (gained 12).
An endoplasm comes into view.
The endoplasm quivers.
MP restored: 5 An endoplasm is nearby!
An endoplasm is nearby!
The magic dart hits the endoplasm.
You now have 4/5 mp.
The magic dart hits the endoplasm.
You now have 3/5 mp.
The magic dart hits the endoplasm.
You now have 2/5 mp.
The magic dart hits the endoplasm.
You now have 1/5 mp.
You can't see any susceptible monsters within range! (Use Z to cast anyway.)
You start memorising the spell.
You continue memorising. x2
You finish memorising.
Spell assigned to 'b'.
A jackal comes into view.
The jackal moves out of view.
MP restored: 5 A jackal is nearby!
A jackal is nearby!
The magic dart hits the jackal.
The jackal barks!
You hear a bark! x2
A jackal comes into view. x2
You now have 4/5 mp.
The magic dart hits the jackal.
The jackal barks!
You now have 3/5 mp.
The magic dart hits the jackal.
The jackal bites you but does no damage.
You now have 2/5 mp.
The magic dart hits the jackal.
The jackal bites you.
You take 3 damage, and have 12/15 hp.
You now have 1/5 mp.
The magic dart hits the jackal but does no damage.
The jackal closely misses you. The jackal barely misses you.
You now have 0/5 mp.
You are out of magic!
The jackal attacks as it pursues you!
The jackal bites you but does no damage.
The jackal bites you. The jackal closely misses you.
You take 3 damage, and have 9/15 hp.
The jackal attacks as it pursues you! The jackal bites you.
The jackal attacks as it pursues you!
The jackal bites you but does no damage.
The jackal bites you but does no damage.
The jackal bites you.
You take 1 damage, and have 8/15 hp.
The jackal bites you.
You take 3 damage, and have 5/15 hp.
The jackal attacks as it pursues you!
The jackal bites you but does no damage.
The jackal attacks as it pursues you! The jackal misses you.
The jackal attacks as it pursues you!
The jackal bites you but does no damage.
The jackal bites you.
You take 1 damage, and have 6/15 hp.
You barely miss the jackal.
The jackal bites you but does no damage.
You hit the jackal but do no damage. The jackal misses you.
You hit the jackal but do no damage. The jackal bites you.
The jackal bites you but does no damage.
You take 1 damage, and have 5/15 hp.
You barely miss the jackal. The jackal closely misses you.
Casting: Magic Dart (safe; 2% risk of failure)
Confirm with . or Enter, or press ? or * to list all spells.
Aiming: Magic Dart (safe; 2% risk of failure)
Press: ? - help, Shift-Dir - straight line, f/p - jackal
Aim: a jackal (severely wounded, 100% to hit)
The magic dart hits the jackal.
The jackal bites you but does no damage.
The jackal bites you.
* * * LOW HITPOINT WARNING * * *
You take 3 damage, and have 2/15 hp.
You now have 1/5 mp.
Casting: Magic Dart (safe; 2% risk of failure)
Confirm with . or Enter, or press ? or * to list all spells.
Aiming: Magic Dart (safe; 2% risk of failure)
Press: ? - help, Shift-Dir - straight line, f/p - jackal
Aim: a jackal (severely wounded, 100% to hit)
The magic dart hits the jackal.
The jackal bites you.
You die...

.....#...#.#...#.#............#.#
##...#...#.'.>.#..#.........###.#
.#...#...#.#...#............# #.#
.....##'##.#####.#..........# #.#
##...............#..........# #.#
.....#####.##'##............###.#
.#...#...#.#...#h#..........##..#
##...#.<.'.#...#h###........##.##
.....#...#.#...#@# #...........#
###..#####.#####.# #.........###
#..........)...# ######...##
#.############## ####..# #.#
#....># .. #.##### ... #. ### #.
#.


You could see 2 jackals.

Vanquished Creatures
  2 endoplasms (D:1)
  A goblin (D:1)
  A hobgoblin (D:1)
  5 jackals (D:1)
  A quokka (D:1)
  A kobold (D:1)
  A rat (D:1)
12 creatures vanquished.

Notes
Turn   | Place    | Note
-------+----------+-------------------------------------------
     0 | D:1      | IndexError the Gargoyle Conjurer began the quest for the
                  | Orb.
     0 | D:1      | Reached XP level 1. HP: 10/10 MP: 3/3
   103 | D:1      | Reached XP level 2. HP: 15/15 MP: 0/5
   363 | D:1      | Learned a level 2 spell: Searing Ray
   433 | D:1      | HP: 2/15 [jackal (3)]
   434 | D:1      | Slain by a jackal

Illustrated notes

Levels and vault maps discovered:
D:1:      minmay_arrival_four_houses, layout_basic,
          hellmonk_ecumenical_altar_leap_of_faith

Action                     || total
---------------------------++-------
  Melee: Dagger            ||    15
   Cast: Magic Dart        ||    27
 Armour: Robe              ||    26
  Dodge: Dodged            ||    16

Table legend: (Time is in decaauts)
 A = Elapsed time spent in this place.
 B = Non-inter-level travel time spent in this place.
 C = Inter-level travel time spent in this place.
 D = Time resting spent in this place.
 E = Time spent auto-exploring this place.
 F = Levels seen in this place.
 G = Mean time per level.
                   A        B        C        D        E       F      G
               +--------+--------+--------+--------+--------+-----+--------+
         Total |    433 |    433 |      0 |      0 |    333 |   1 |  433.0 |
       Dungeon |    433 |    433 |      0 |      0 |    333 |   1 |  433.0 |
               +--------+--------+--------+--------+--------+-----+--------+

Top non-repeatable levels by time:
     D:1: 433 daAuts

Levels and vault maps discovered:
D:1:      minmay_arrival_four_houses, layout_basic,
          hellmonk_ecumenical_altar_leap_of_faith

Table legend: (Time is in decaauts)
 A = Elapsed time spent in this place.
 B = Non-inter-level travel time spent in this place.
 C = Inter-level travel time spent in this place.
 D = Time resting spent in this place.
 E = Time spent auto-exploring this place.
 F = Levels seen in this place.
 G = Mean time per level.
                   A        B        C        D        E       F      G
               +--------+--------+--------+--------+--------+-----+--------+
         Total |    433 |    433 |      0 |      0 |    333 |   1 |  433.0 |
       Dungeon |    433 |    433 |      0 |      0 |    333 |   1 |  433.0 |
               +--------+--------+--------+--------+--------+-----+--------+

Top non-repeatable levels by time:
     D:1: 433 daAuts

Table legend:
 A = Kills in this place as a percentage of kills in the entire game.
 B = Kills by you in this place as a percentage of kills by you in the entire game.
 C = Kills by friends in this place as a percentage of kills by friends in the entire game.
 D = Other kills in this place as a percentage of other kills in the entire game.
 E = Experience gained in this place as a percentage of experience gained in the entire game.
 F = Experience gained in this place divided by the number of levels of this place that you have seen.
                   A       B       C       D       E      F
               +-------+-------+-------+-------+-------+----------------------
         Total | 100.0 | 100.0 |   N/A |   N/A | 100.0 |  22.0
       Dungeon | 100.0 | 100.0 |   N/A |   N/A | 100.0 |  22.0
               +-------+-------+-------+-------+-------+----------------------
